[Event "Skol-SM i Schack 2024, Grupp A"]
[Site "Arena Varberg, Kattegattsvagen 26, Varberg, Sweden"]
[Date "2024.10.12"]
[Round "6.4"]
[White "Wedenberg, Oliver"]
[Black "Emanuelsson, Aron"]
[Result "1-0"]
[TimeControl "45 minutes + 10 seconds per move from move one."]
[WhiteFideId "1767909"]
[BlackFideId "1780069"]
[WhiteElo "1858"]
[BlackElo "1720"]

1. e4 c6 2. d4 d5 3. e5 Bf5 4. h4 h5 5. Bg5 Qa5+ 6. Nc3 e6 7. Bd3 Bxd3 8. Qxd3 Bb4 9. Nge2 c5 10.
dxc5 Qxc5 11. O-O Bxc3 12. Nxc3 a6 13. Ne4 Qc7 14. Nd6+ Kf8 15. Bd2 Nc6 16. f4 Nge7 17. c4 g6 18.
c5 Nf5 19. g3 Kg7 20. b4 b6 21. Rfc1 bxc5 22. bxc5 Rhb8 23. Rab1 Rxb1 24. Rxb1 Rb8 25. Rxb8 Nxb8 26. Ne8+ 1-0

[Event "Skol-SM i Schack 2024, Grupp A"]
[Site "Arena Varberg, Kattegattsvagen 26, Varberg, Sweden"]
[Date "2024.10.12"]
[Round "3.9"]
[White "Walter, Fridolf"]
[Black "Johansson, Sigge"]
[Result "1-0"]
[TimeControl "45 minutes + 10 seconds per move from move one."]
[WhiteFideId "1753347"]
[BlackFideId "1742612"]
[WhiteElo "1708"]
[BlackElo "1746"]

1. e4 c5 2. Nf3 g6 3. d4 cxd4 4. Nxd4 Bg7 5. Nc3 Nc6 6. Be3 Nf6 7. Bc4 O-O 8. Bb3 a6 9. f3 Na5 10.
Qd2 Nxb3 11. Nxb3 d6 12. Bh6 Be6 13. Bxg7 Kxg7 14. O-O-O b5 15. Kb1 Qb6 16. g4 b4 17. Nd5 Bxd5 18.
exd5 a5 19. h4 h5 20. Qg5 Kh7 21. Nd4 a4 22. gxh5 Nxh5 23. Nf5 Rh8 24. Qh6+ Kg8 25. Nxe7# 1-0

[Event "Skol-SM i Schack 2024, Grupp A"]
[Site "Arena Varberg, Kattegattsvagen 26, Varberg, Sweden"]
[Date "2024.10.12"]
[Round "5.1"]
[White "Joensson, Oscar"]
[Black "Harlin, Jacob"]
[Result "1-0"]
[TimeControl "45 minutes + 10 seconds per move from move one."]
[WhiteFideId "1729977"]
[BlackFideId "1728180"]
[WhiteElo "1955"]
[BlackElo "1919"]

1. d4 d5 2. c4 c6 3. Nf3 Nf6 4.
g3 dxc4 5. Bg2 b5 6. a4 Bb7 7. O-O a6 8. b3 cxb3 9. Qxb3 e6 10. Bd2 Be7 11. Rc1 Nbd7 12. Be1 c5 13. axb5 Bd5 14.
Qb2 axb5 15. Rxa8 Qxa8 16. dxc5 Bxc5 17. Qxb5 O-O 18. Nc3 Qa3 19. Rd1 Rb8 20. Qd3 Rb3 21. Rb1 Be4 22. Rxb3 Qxb3 23.
Nxe4 Qxd3 24. Nxf6+ Nxf6 25. exd3 Nd5 26. d4 Ba3 27. Bd2 Bb2 28. Kf1 Kf8 29. Ke2 Ke7 30. Kd3 Kd6 31. Ne5 Ba1 32.
Nxf7+ Nf6 1-0

[Event "Skol-SM i Schack 2024, Grupp A"]
[Site "Arena Varberg, Kattegattsvagen 26, Varberg, Sweden"]
[Date "2024.10.12"]
[Round "6.5"]
[White "Eriksson, Wilmer"]
[Black "Persson Holm, Simon"]
[Result "1-0"]
[TimeControl "45 minutes + 10 seconds per move from move one."]
[WhiteFideId "1768298"]
[BlackFideId "1744380"]
[WhiteElo "1849"]
[BlackElo "1737"]

1. e4 c6 2. d4 d5 3. e5 c5 4.
dxc5 e6 5. Qg4 h5 6. Qf4 Bxc5 7. Nf3 Nc6 8. Bd3 Qb6 9. O-O Nh6 10. Nbd2 Ng4 11. Qg3 Nxf2 12. Rxf2 h4 13. Qxg7 Bxf2+ 14. Kh1 Rf8 15. Ng5 f5 16. exf6 Ne5 17. Qe7# 1-0

[Event "Skol-SM i Schack 2024, Grupp A"]
[Site "Arena Varberg, Kattegattsvagen 26, Varberg, Sweden"]
[Date "2024.10.12"]
[Round "3.10"]
[White "Sniegon, Filip"]
[Black "Emanuelsson, Aron"]
[Result "0-1"]
[TimeControl "45 minutes + 10 seconds per move from move one."]
[WhiteFideId "1778277"]
[BlackFideId "1780069"]
[WhiteElo "1684"]
[BlackElo "1720"]

1. d4 d5 2. c4 c6 3. Nc3 Nf6 4. Bg5 Ne4 5. Nxe4 dxe4 6. e3 Qa5+ 7. Qd2 Qxg5 8. Nh3 Bxh3 9. gxh3 e6 10. O-O-O Nd7 11.
Be2 O-O-O 12. f3 exf3 13. Bxf3 g6 14. Rhg1 Qe7 15. Qa5 Kb8 16. c5 Nxc5 17. dxc5 Qxc5+ 18. Qxc5 Bxc5 19. Rxd8+ Rxd8 20.
Kc2 Bxe3 21. Rg2 Kc7 22. Re2 Bf4 23. Kc3 e5 24. Be4 f5 25. Bc2 e4 26. Bb3 Rd3+ 27. Kc2 Rxh3 28. Bg8 Bxh2 29.
Be6 Bf4 30. Re1 Rd3 31. Rf1 Be5 32. Rh1 h5 33. Bf7 Rg3 34. b4 f4 35. Kd2 f3 36. Ke3 Bd6 37. Kxe4 Bxb4 38. Rd1 f2 39.
Rf1 Bc5 40. Kf4 Rg1 41. Bc4 h4 0-1

[Event "Skol-SM i Schack 2024, Grupp A"]
[Site "Arena Varberg, Kattegattsvagen 26, Varberg, Sweden"]
[Date "2024.10.12"]
[Round "5.2"]
[White "Frank, Anton"]
[Black "Fridman, Arvid"]
[Result "1/2-1/2"]
[TimeControl "45 minutes + 10 seconds per move from move one."]
[WhiteTitle "CM"]
[WhiteFideId "1752383"]
[BlackFideId "1758632"]
[WhiteElo "2110"]
[BlackElo "1895"]

1. e4 b6 2. d4 Bb7 3. Bd3 e6 4. Nf3 d5 5. e5 c5 6. c3 c4 7. Bc2 Be7 8. a4 h5 9. b3 cxb3 10. Bxb3 Ba6 11. Bc2 Nc6 12.
Bd3 Qc8 13. Bb5 Bxb5 14. axb5 Na5 15. O-O Qc4 16. Qa4 Rc8 17. Qxc4 Rxc4 18. Nfd2 Rc7 19. Bb2 Nh6 20. Ra4 Kd7 21. Na3 Rhc8 22. Nc2 Nf5 23.
Nb4 g6 24. Rfa1 Ng7 25. Kf1 Ne8 26. Nc6 Nxc6 27. bxc6+ Kxc6 28. Rxa7 Rxa7 29. Rxa7 Nc7 30. Ke2 Ra8 31. Rxa8 Nxa8 32. Kd3 b5 33. Nf3 Nb6 34.
Bc1 Kd7 35. Kc2 b4 36. Bd2 1/2-1/2

[Event "Skol-SM i Schack 2024, Grupp A"]
[Site "Arena Varberg, Kattegattsvagen 26, Varberg, Sweden"]
[Date "2024.10.12"]
[Round "6.6"]
[White "Schriever-Abeln, Marius"]
[Black "Walter, Fridolf"]
[Result "1-0"]
[TimeControl "45 minutes + 10 seconds per move from move one."]
[WhiteFideId "1752650"]
[BlackFideId "1753347"]
[WhiteElo "2009"]
[BlackElo "1708"]

1. d4 d5 2. c4 e6 3. Nc3 Nf6 4. cxd5 exd5 5. Bg5 Be7 6. e3 c6 7. Bd3 Bg4 8. Nge2 Nbd7 9. O-O O-O 10.
Qc2 Bh5 11. f3 Bg6 12. Rad1 Qa5 13. Bh4 c5 14. dxc5 Bxc5 15. Bf2 Rac8 16. Qb3 Bxd3 17. Rxd3 Ne5 18. Rdd1 Nc4 19. Nxd5 Nxd5 20.
Rxd5 b5 21. Rfd1 Rfe8 22. Nd4 a6 23. Nf5 g6 24. Nd4 Qb6 25. h4 Qf6 26. Rc1 h6 27. Qc3 Bb6 28. Qb3 Kg7 29. Rd1 Bc7 30. Rd7 Nb6 31. Ne2 Nxd7 32.
Rxd7 Red8 33. Rd4 Bb6 34. Rd3 Rxd3 35. Qxd3 Qxb2 36. Bg3 Rc2 37. Qd6 Bxe3+ 38. Kh2 Qb1 39. Be5+ Kh7 40. Qf6 Bf4+ 41. Nxf4 1-0

[Event "Skol-SM i Schack 2024, Grupp A"]
[Site "Arena Varberg, Kattegattsvagen 26, Varberg, Sweden"]
[Date "2024.10.12"]
[Round "3.11"]
[White "Abdulkader, Ahmad"]
[Black "Wingh, Walter"]
[Result "1-0"]
[TimeControl "45 minutes + 10 seconds per move from move one."]
[WhiteFideId "1776550"]
[BlackFideId "1767836"]
[WhiteElo "1613"]
[BlackElo "1612"]

1. e4 e6 2. c4 d5 3. cxd5 exd5 4. exd5 Qxd5 5. Nc3 Qd8 6. d4 Nf6 7. Bc4 Bf5 8. Nf3 Bd6 9. O-O O-O 10.
Bg5 Nbd7 11. Re1 c6 12. Ne5 Qc7 13. f4 c5 14. Kh1 cxd4 15. Nb5 Qb6 16. Nxd7 Bxd7 17. Qxd4 Bc5 18. Qd3 Bxb5 19.
Bxb5 Ng4 20. Bh4 Bf2 21. Qf3 Bxh4 22. Qxg4 Bxe1 23. Bd3 Bb4 24. Rf1 Rfe8 25. Qh3 Qh6 26. Qg3 Re7 27. h3 Rae8 28. Kh2 Bd2 29. Qf2 Ba5 30.
Bb5 Rd8 31. Qc5 Qd6 32. Qg5 Bc7 33. Bc4 Qf6 34. Qc5 Bxf4+ 35. Kh1 Bd6 36. Qa5 Qd4 37. Qxd8+ 1-0

[Event "Skol-SM i Schack 2024, Grupp A"]
[Site "Arena Varberg, Kattegattsvagen 26, Varberg, Sweden"]
[Date "2024.10.12"]
[Round "5.3"]
[White "Kleist, Axel"]
[Black "Eriksson, Wilmer"]
[Result "1-0"]
[TimeControl "45 minutes + 10 seconds per move from move one."]
[WhiteFideId "1764322"]
[BlackFideId "1768298"]
[WhiteElo "1912"]
[BlackElo "1849"]

1. e4 c5 2. Nf3 e6 3. d4 cxd4 4. Nxd4 Nf6 5. Nc3 Nc6 6. Be3 Bb4 7. Bd3 d5 8. Nxc6 bxc6 9. e5 d4 10.
exf6 dxe3 11. fxg7 exf2+ 12. Kf1 Rg8 13. Qg4 Bxc3 14. bxc3 Qf6 15. Qc4 Bd7 16. Bxh7 Rxg7 17. Be4 Rc8 18.
Bf3 Qf5 19. Qd3 Qc5 20. h4 Ke7 21. Rd1 Rd8 22. h5 f5 23. h6 Rh7 24. Qd2 Kf6 25. Qf4 Rg8 26. Qh4+ Rg5 27. Rxd7 Rxd7 28.
h7 Rxh7 29. Qxh7 Qe3 30. Qh8+ Rg7 31. Qh6+ Qxh6 32. Rxh6+ Ke5 33. Kxf2 Rb7 34. Bxc6 Rb2 35. Ba4 Rxa2 36. Bb3 Ra6 37. Rh4 Rc6 38. Rc4 Rd6 39.
Ra4 a6 40. Ke3 Rc6 41. Bc4 f4+ 42. Kd2 Rd6+ 43. Bd3 Rd7 44. Re4+ Kf6 45. Rxf4+ Ke5 46. Re4+ Kf6 47. Ra4 Rg7 48. Be4 Ke5 49. Bf3 Rd7+ 50. Ke3 Rc7 51. Kd3 Rd7+ 52.
Rd4 Rc7 53. Re4+ Kf5 54. Ra4 Rd7+ 55.
Kc4 Rd6 56. Kb3 Rb6+ 57. Rb4 Rd6 58.
c4 e5 59. c5 Rd8 60. c6 Kf6 61. c7 Rc8 62. Rc4 1-0

[Event "Skol-SM i Schack 2024, Grupp A"]
[Site "Arena Varberg, Kattegattsvagen 26, Varberg, Sweden"]
[Date "2024.10.12"]
[Round "6.7"]
[White "Al-Sherufi, Haider"]
[Black "Demeestere, Ewoud"]
[Result "1-0"]
[TimeControl "45 minutes + 10 seconds per move from move one."]
[WhiteFideId "1745212"]
[BlackFideId "1773585"]
[WhiteElo "1599"]
[BlackElo "1833"]

1. e4 e6 2. d4 d5 3. exd5 exd5 4. Nf3 Nf6 5. Bd3 Bd6 6.
O-O O-O 7. Bg5 Bg4 8. Nbd2 Nbd7 9. c4 dxc4 10. Bxc4 c6 11. Ne4 Be7 12. Nxf6+ Bxf6 13. Bxf6 Nxf6 14. Be2 Qb6 15. h3 Bxf3 16.
Bxf3 Rad8 17. Qc2 Rxd4 18. Rad1 Rxd1 19. Rxd1 Re8 20. a3 Rd8 21. Rxd8+ Qxd8 22. Qb3 Qe7 23. g3 h6 24. Kg2 Qc7 25.
Qe3 Qb6 26. Qxb6 axb6 27. g4 Kf8 28. Kg3 Ke7 29. Kf4 Ke6 30. h4 Nd7 31. g5 hxg5+ 32. hxg5 Nc5 33. Be2 b5 34. Ke3 Kf5 35.
f4 Ne6 36. Bd3+ Kg4 37. Be2+ Kg3 38. f5 Nxg5 39. Bh5 Kh4 40. Bd1 Nh7 41. Bb3 Kg5 42. Kd4 Kxf5 43. Bc2+ Kf4 44. Bxh7 g5 45. Be4 f5 46. Bh1 b6 47.
Bxc6 Kg3 48. Bxb5 Kf2 49. Ke5 g4 50. Kxf5 g3 51. Bc6 g2 52. Bxg2 Kxg2 53. Ke5 Kf3 54. Kd6 Ke3 55. Kc6 Kd4 56. b4 1-0

[Event "Skol-SM i Schack 2024, Grupp A"]
[Site "Arena Varberg, Kattegattsvagen 26, Varberg, Sweden"]
[Date "2024.10.12"]
[Round "3.12"]
[White "Al-Sherufi, Haider"]
[Black "Schriever-Abeln, Marius"]
[Result "1/2-1/2"]
[TimeControl "45 minutes + 10 seconds per move from move one."]
[WhiteFideId "1745212"]
[BlackFideId "1752650"]
[WhiteElo "1599"]
[BlackElo "2009"]

1. e4 c5 2. Nc3 e6 3. g3 Nc6 4. Bg2 Nf6 5. f4 d5 6. e5 Nd7 7. Nf3 Be7 8. O-O O-O 9. d3 a6 10.
a4 b6 11. Bd2 Bb7 12. Ne2 f6 13. exf6 Bxf6 14. Rb1 Qc7 15. g4 Rae8 16. g5 Be7 17. Nh4 g6 18. f5 gxf5 19. Bf4 Bd6 20.
g6 Nde5 21. gxh7+ Qxh7 22. Nf3 Rf6 23. d4 Nxf3+ 24. Rxf3 Bxf4 25. Nxf4 Nxd4 26. Rh3 Rh6 27. Rg3+ Kh8 28. c3 Nc6 29.
Qe2 Rg8 30. Qe3 Rxg3 31. Qxg3 Qg7 32. Qe3 Ne5 33. Re1 Ng4 34. Qg3 Nxh2 35. Qxg7+ Kxg7 36. Nxe6+ Kf6 37. Nd8 Bc8 38. Bxd5 Ng4 39. Re8 Bd7 40. Rg8 Rh7 41. Nc6 Ne3 42. Rf8+ Kg7 43. Rf7+ Kh6 44. Rxh7+ Kxh7 45. Bf3 Bxc6 46. Bxc6 Nd1 47. b4 Nxc3 48. bxc5 bxc5 49.
Kf2 Kg6 50. Ke3 Kg5 51. Kd3 Nxa4 52.
Bxa4 f4 53. Bc6 Kg4 54. Kc4 f3 55.
Bxf3 Kxf3 56. Kxc5 1/2-1/2

[Event "Skol-SM i Schack 2024, Grupp A"]
[Site "Arena Varberg, Kattegattsvagen 26, Varberg, Sweden"]
[Date "2024.10.12"]
[Round "5.4"]
[White "Wedenberg, Oliver"]
[Black "Johansson, William"]
[Result "0-1"]
[TimeControl "45 minutes + 10 seconds per move from move one."]
[WhiteFideId "1767909"]
[BlackFideId "1744070"]
[WhiteElo "1858"]
[BlackElo "1971"]

1. e4 d6 2. d4 Nf6 3. Nc3 Nbd7 4. Nf3 e5 5. Bc4 Be7 6. O-O h6 7. h3 c6 8. Bb3 b5 9. a3 Qc7 10.
d5 Nc5 11. dxc6 Nxb3 12. cxb3 Qxc6 13. Qd3 O-O 14. Be3 a6 15. Rac1 Qb7 16. Nd2 Be6 17. f4 exf4 18. Bxf4 Rfd8 19.
Qe2 Rac8 20. Rfd1 Bf8 21. Qf3 Nd7 22. Qg3 Kh7 23. Bxd6 Qb6+ 24. Kh1 Bxd6 25. Qh4 Ne5 26. Nf3 Nxf3 27.
gxf3 Qe3 28. Rf1 Qf4 29. Qf2 Bxh3 30.
Rg1 Bc5 31. Qg3 Qxg3 32. Rxg3 Be3 33. Rc2 Be6 34. Re2 Bf4 35. Rg1 Rd2 36. b4 Rxe2 37. Nxe2 Be5 0-1

[Event "Skol-SM i Schack 2024, Grupp A"]
[Site "Arena Varberg, Kattegattsvagen 26, Varberg, Sweden"]
[Date "2024.10.12"]
[Round "6.8"]
[White "Keskitalo, Rasmus"]
[Black "Langhals, Mattias"]
[Result "1/2-1/2"]
[TimeControl "45 minutes + 10 seconds per move from move one."]
[WhiteFideId "1768271"]
[BlackFideId "1779168"]
[WhiteElo "1752"]
[BlackElo "1697"]

1. e4 e6 2. d4 d5 3. Nc3 dxe4 4. Nxe4 Nf6 5. Nxf6+ gxf6 6. Nf3 b6 7. Bd3 Bb7 8. c3 Nc6 9.
Bf4 Bd6 10. Bg3 Qd7 11. Qc2 O-O-O 12. O-O-O Kb8 13. Nd2 Ne7 14. Be4 Bxe4 15. Nxe4 f5 16. Nxd6 cxd6 17. Rhe1 Ng6 18. f3 Rc8 19.
Kb1 Rc7 20. Bf2 Rhc8 21. g3 Qb5 22. Qb3 Qc4 23. f4 Qxb3 24. axb3 d5 25. Rc1 h5 26. Kc2 Nf8 27. Kd3 b5 28.
Ra1 Kb7 29. b4 Nd7 30. Re2 Nf6 31. h3 Rg8 32. Rg1 Ne4 33. Be1 f6 34. Reg2 Rcg7 35. Ke2 Kc6 36. Kf3 Kd6 37. Kxe4 Ke5+ 1/2-1/2

[Event "Skol-SM i Schack 2024, Grupp A"]
[Site "Arena Varberg, Kattegattsvagen 26, Varberg, Sweden"]
[Date "2024.10.12"]
[Round "4.1"]
[White "Joensson, Oscar"]
[Black "Kleist, Axel"]
[Result "1-0"]
[TimeControl "45 minutes + 10 seconds per move from move one."]
[WhiteFideId "1729977"]
[BlackFideId "1764322"]
[WhiteElo "1955"]
[BlackElo "1912"]

1. d4 e6 2. c4 f5 3. g3 Nf6 4. Bg2 d5 5. Nf3 Ne4 6.
O-O Be7 7. b3 Nc6 8. Bb2 h5 9. Ne5 Nxe5 10. dxe5 h4 11. Nc3 hxg3 12. hxg3 c6 13. Nxe4 fxe4 14. e3 Bc5 15. Qg4 Qe7 16.
Rac1 Bd7 17. Qg6+ Kd8 18. cxd5 cxd5 19. Rfd1 Rc8 20. a3 Bb6 21. b4 Rxc1 22. Rxc1 Be8 23. Qg4 Bh5 24. Qf4 Rf8 25.
Qh4 Qxh4 26. gxh4 Bg4 27. a4 Bc7 28. Bd4 Rf5 29. Bxa7 Rxe5 30. Bd4 Rh5 31. Bxg7 Bd6 32. Bf6+ Kd7 33.
b5 Bb8 34. a5 e5 35. Bf1 Ke6 36. Bg5 Rh8 37. a6 bxa6 38. bxa6 Bd6 39. Rb1 Ra8 40. Rb7 d4 41. Bc4+ Kf5 42.
Rf7+ Kg6 43. Rf6+ Kg7 44. Rxd6 d3 45. Bf6+ Kh7 46. Bxe5 Bf3 47. Rd7+ Kg6 48. Rg7+ Kh6 49. Rd7 Rc8 50. Bxd3 exd3 51. Rxd3 Rg8+ 52.
Kf1 Rc8 53. Ke1 1-0

[Event "Skol-SM i Schack 2024, Grupp A"]
[Site "Arena Varberg, Kattegattsvagen 26, Varberg, Sweden"]
[Date "2024.10.12"]
[Round "5.5"]
[White "Emanuelsson, Aron"]
[Black "Keskitalo, Rasmus"]
[Result "1-0"]
[TimeControl "45 minutes + 10 seconds per move from move one."]
[WhiteFideId "1780069"]
[BlackFideId "1768271"]
[WhiteElo "1720"]
[BlackElo "1752"]

1. d4 d5 2. Nf3 Nf6 3. e3 Bf5 4. c4 c6 5. Nc3 e6 6. Be2 Bd6 7. Nh4 Bg6 8. O-O Nbd7 9. c5 Be7 10.
Nxg6 hxg6 11. b4 Qc7 12. h3 b6 13. a4 bxc5 14. bxc5 Rb8 15. Bd2 O-O 16. Qc2 Rb7 17. Rfb1 Rfb8 18.
Ba6 Rxb1+ 19. Rxb1 Rxb1+ 20. Qxb1 Qb8 21. Qb7 Bd8 22. Na2 Qxb7 23. Bxb7 Nb8 24. Kf1 Ne4 25. Be1 a5 26. Nc1 e5 27.
f3 Ng5 28. Nb3 Ne6 29. dxe5 Bc7 30. f4 Nd8 31. Bc8 Ne6 32. Bxe6 fxe6 33. Bxa5 Bxa5 34. Nxa5 Na6 35. Nb3 Kf7 36. Ke2 g5 37. g4 1-0

[Event "Skol-SM i Schack 2024, Grupp A"]
[Site "Arena Varberg, Kattegattsvagen 26, Varberg, Sweden"]
[Date "2024.10.12"]
[Round "6.9"]
[White "Stanton-Andersson, Coll"]
[Black "Savela, Julina"]
[Result "0-1"]
[TimeControl "45 minutes + 10 seconds per move from move one."]
[WhiteFideId "1758837"]
[BlackFideId "1767437"]
[WhiteElo "1542"]
[BlackElo "1682"]

1. e4 c5 2. Nc3 Nc6 3. Nf3 g6 4. d4 cxd4 5. Nxd4 Bg7 6. Be3 Nf6 7. Bc4 Qa5 8. O-O O-O 9. Re1 d6 10.
f4 Ng4 11. Nb3 Qd8 12. h3 Nxe3 13. Rxe3 a6 14. a4 Be6 15. Bd5 Qb6 16. Qd2 Nd4 17. Kh1 Nxc2 18. Qxc2 Qxe3 19. f5 gxf5 20.
exf5 Bxd5 21. Nxd5 Qe5 22. Nc3 Rac8 23. Rc1 Qg3 24. Nd2 Bh6 25. Rf1 Kh8 26. Nde4 Qe5 27. f6 e6 28. Qf2 d5 29.
Ng3 Rg8 30. Qf3 Qxg3 0-1

[Event "Skol-SM i Schack 2024, Grupp A"]
[Site "Arena Varberg, Kattegattsvagen 26, Varberg, Sweden"]
[Date "2024.10.12"]
[Round "4.2"]
[White "Harlin, Jacob"]
[Black "Johansson, William"]
[Result "1-0"]
[TimeControl "45 minutes + 10 seconds per move from move one."]
[WhiteFideId "1728180"]
[BlackFideId "1744070"]
[WhiteElo "1919"]
[BlackElo "1971"]

1. e4 c6 2. d4 d5 3. exd5 cxd5 4. c4 Nf6 5. Nc3 Nc6 6. Bg5 Be6 7. a3 h6 8. Bxf6 exf6 9. cxd5 Bxd5 10. Qe2+ Be7 11. Qb5 Be6 12.
d5 a6 13. Qe2 Nd4 14. Qe4 Qb6 15. Rd1 Bc5 16. b4 Bd6 17. Qxd4 Qxd4 18. Rxd4 Be5 19. Rd3 Bxc3+ 20. Rxc3 Bxd5 21. Nf3 O-O 22. Be2 Rfe8 23.
Re3 Re6 24. Rxe6 fxe6 25. Kd2 Rd8 26.
Ke3 g5 27. Rd1 b5 28. Ne1 f5 29. f3 Rc8 30. Kd2 Rd8 31. Nd3 e5 32. Ke1 e4 33. fxe4 Bxe4 34. Nc5 Rxd1+ 35. Kxd1 Bxg2 36.
Nxa6 Kf7 37. Bxb5 Ke6 38. Be8 g4 39. b5 Kd6 40. Nb4 Kc5 41. Ke1 h5 42. Bc6 Bh3 43. Kf2 h4 44. Nd3+ Kb6 45.
Nf4 g3+ 46. hxg3 hxg3+ 47. Kxg3 Bf1 48. Nd5+ Kc5 49. Nc3 1-0

[Event "Skol-SM i Schack 2024, Grupp A"]
[Site "Arena Varberg, Kattegattsvagen 26, Varberg, Sweden"]
[Date "2024.10.12"]
[Round "5.6"]
[White "Langhals, Mattias"]
[Black "Demeestere, Ewoud"]
[Result "1/2-1/2"]
[TimeControl "45 minutes + 10 seconds per move from move one."]
[WhiteFideId "1779168"]
[BlackFideId "1773585"]
[WhiteElo "1697"]
[BlackElo "1833"]

1. e4 c5 2. Nf3 d6 3. d4 cxd4 4. Nxd4 Nf6 5. Nc3 Nc6 6. Be3 e5 7. Nb3 Be6 8. f3 Be7 9. Qd2 O-O 10.
O-O-O a5 11. g4 a4 12. Na1 Nb4 13. a3 Na2+ 14. Nxa2 Bxa2 15. h4 Qc7 16. h5 d5 17. g5 d4 18.
gxf6 dxe3 19. Qxe3 Bxf6 20. Bd3 Qe7 21. Rdg1 Kh8 22. h6 g6 23. c3 Rfd8 24. Nc2 Qd6 25. Nb4 Bb3 26. Rh2 Be7 27.
Bc2 Qc7 28. Bxb3 Bc5 29. Qg5 Be7 30. Qe3 Bxb4 31. Bd5 Bc5 32. Qg5 Be7 33. Qe3 1/2-1/2

[Event "Skol-SM i Schack 2024, Grupp A"]
[Site "Arena Varberg, Kattegattsvagen 26, Varberg, Sweden"]
[Date "2024.10.12"]
[Round "6.10"]
[White "Sniegon, Filip"]
[Black "Abdulkader, Ahmad"]
[Result "1-0"]
[TimeControl "45 minutes + 10 seconds per move from move one."]
[WhiteFideId "1778277"]
[BlackFideId "1776550"]
[WhiteElo "1684"]
[BlackElo "1613"]

1. c4 e5 2. g3 Nc6 3. Bg2 Nf6 4. d3 Bc5 5. Nf3 d6 6. O-O Bg4 7. Nc3 Qd7 8. Re1 O-O 9. Bd2 a6 10.
Qc1 Bh3 11. Bh1 Ng4 12. e3 f5 13. Ng5 f4 14. Nxh3 fxg3 15. fxg3 Nb4 16. Qb1 Rab8 17. a3 Nc6 18. Bg2 h6 19.
Ne4 Ba7 20. Nhf2 Nxf2 21. Nxf2 Ne7 22. Qd1 Nf5 23. Bh3 Qe7 24. Bxf5 Rxf5 25. Rf1 Rbf8 26. Qe2 Rg5 27. Ne4 Rxf1+ 28. Rxf1 Rg6 29. Qf3 Kh7 30. Qf5 c6 31. Kg2 d5 32. Nc3 dxc4 33. dxc4 Qc5 34. Qd3 b5 35. cxb5 axb5 36. Ne4 Qe7 37.
Bb4 Qe6 38. Rf8 Qa2 39. Bc3 Qe6 40. Rd8 Qb3 41. Re8 Qf7 42. Rxe5 Bb8 43. Rc5 Ba7 44. Rxc6 Qf5 45. Rxg6 Qxg6 46.
Nf6+ gxf6 47. Qxg6+ Kxg6 48. Kf3 Kf5 49. e4+ Ke6 50. Kg4 Bg1 51. h3 Be3 52. Kf3 Bc1 53. Bd4 Bd2 54. h4 Bc1 55. Ke2 h5 56. Kd3 f5 57.
exf5+ Kxf5 58. Kc2 Bh6 59. Bb6 Kg4 60. Bc7 Kf5 61. Kb3 Ke6 62. Kb4 Kd7 63. Bf4 Bg7 64. Kxb5 Bxb2 65. a4 Bc3 66. a5 Bd4 67. a6 Kc8 68.
Kc6 Ba7 69. Bc7 Bf2 70. Bb6 Bxb6 71. Kxb6 Kb8 72. Kc6 Ka8 73. Kd6 1-0

[Event "Skol-SM i Schack 2024, Grupp A"]
[Site "Arena Varberg, Kattegattsvagen 26, Varberg, Sweden"]
[Date "2024.10.12"]
[Round "4.3"]
[White "Persson Holm, Simon"]
[Black "Fridman, Arvid"]
[Result "0-1"]
[TimeControl "45 minutes + 10 seconds per move from move one."]
[WhiteFideId "1744380"]
[BlackFideId "1758632"]
[WhiteElo "1737"]
[BlackElo "1895"]

1. d4 d5 2. c4 c6 3. Nc3 Nf6 4. Nf3 e6 5. cxd5 exd5 6. Bg5 Be7 7. h3 Ne4 8.
Bxe7 Qxe7 9. e3 Nd7 10. Bd3 O-O 11. O-O f5 12. Qc2 Rf6 13. Ne2 g5 14. Rab1 a5 15. a3 Rh6 16. Nd2 Ndf6 17.
b4 axb4 18. axb4 g4 19. Bxe4 fxe4 20. hxg4 Nxg4 21. g3 Qg5 22. Nf4 Rh1+ 23. Kg2 Rh2+ 24. Kg1 Qh6 25. Nxe4 Bf5 0-1

[Event "Skol-SM i Schack 2024, Grupp A"]
[Site "Arena Varberg, Kattegattsvagen 26, Varberg, Sweden"]
[Date "2024.10.12"]
[Round "5.7"]
[White "Savela, Julina"]
[Black "Persson Holm, Simon"]
[Result "0-1"]
[TimeControl "45 minutes + 10 seconds per move from move one."]
[WhiteFideId "1767437"]
[BlackFideId "1744380"]
[WhiteElo "1682"]
[BlackElo "1737"]

1. d4 d5 2. Nc3 Nf6 3. Bg5 e6 4. e4 dxe4 5. Nxe4 Be7 6. Bd3 Nxe4 7. Bxe7 Qxe7 8. Bxe4 Qb4+ 9. Kf1 Qxb2 10.
Ne2 Nc6 11. Bxc6+ bxc6 12. h4 Ba6 13. Rh3 Rd8 14. Rb1 Qxd4 15. Qxd4 Rxd4 16. Ra3 Bb5 17. Rxa7 O-O 18. g3 Rd2 19.
Re1 Rfd8 20. Ra5 Rxc2 21. a4 Bc4 22. f3 f6 23. Kf2 Rdd2 24. Ra8+ Kf7 0-1

[Event "Skol-SM i Schack 2024, Grupp A"]
[Site "Arena Varberg, Kattegattsvagen 26, Varberg, Sweden"]
[Date "2024.10.12"]
[Round "4.4"]
[White "Demeestere, Ewoud"]
[Black "Frank, Anton"]
[Result "0-1"]
[TimeControl "45 minutes + 10 seconds per move from move one."]
[BlackTitle "CM"]
[WhiteFideId "1773585"]
[BlackFideId "1752383"]
[WhiteElo "1833"]
[BlackElo "2110"]

1. d4 d5 2. c4 e6 3. Nc3 a6 4. Nf3 dxc4 5. a4 Nc6 6. e3 Na5 7. Ne5 Nf6 8. Nxc4 c5 9. dxc5 Qxd1+ 10. Kxd1 Nxc4 11. Bxc4 Bxc5 12. b3 Bd7 13. Ke2 Bb4 14. Na2 Bd6 15. Nc3 Rc8 16. Bb2 Ke7 17. f4 Bc6 18. Rhg1 Rhd8 19.
g4 Bb4 20. Ba3 Bxa3 21. Rxa3 Rd6 22. g5 Nd5 23. Bxd5 Bxd5 24. Rc1 Kd7 25. Na2 Be4 26. Rxc8 Kxc8 27. b4 Bg6 28. Rc3+ Kd7 29.
Nc1 Bh5+ 30. Ke1 Rd1+ 31. Kf2 Rd2+ 32. Kg3 b6 33. Rd3+ Rxd3 34. Nxd3 f6 35. Kf2 Kd6 36. e4 Be8 37.
Nb2 a5 38. bxa5 bxa5 39. Nc4+ Kc5 40. Nxa5 Kd4 41. Nb7 Bxa4 42.
Nd6 fxg5 43. fxg5 Ke5 44. Nb7 Bc6 45. Nc5 Bxe4 46. Ke3 Bc6 47. h4 Kf5 48. Kf2 e5 49. Ke3 Kg4 50. Ne6 Kxh4 51. Nxg7 Bd7 52. Ke4 Kxg5 53.
Kxe5 Kg6 54. Ne6 Bxe6 55. Kxe6 h5 56. Ke5 Kg5 57. Ke4 Kg4 58. Ke3 Kg3 59.
Ke2 Kg2 0-1

[Event "Skol-SM i Schack 2024, Grupp A"]
[Site "Arena Varberg, Kattegattsvagen 26, Varberg, Sweden"]
[Date "2024.10.12"]
[Round "5.8"]
[White "Walter, Fridolf"]
[Black "Stanton-Andersson, Coll"]
[Result "1-0"]
[TimeControl "45 minutes + 10 seconds per move from move one."]
[WhiteFideId "1753347"]
[BlackFideId "1758837"]
[WhiteElo "1708"]
[BlackElo "1542"]

1. e4 e5 2. Nf3 Nc6 3. Bc4 Bc5 4. c3 d6 5. d4 exd4 6. cxd4 Bb6 7. h3 Nf6 8. O-O O-O 9. d5 Ne5 10.
Nxe5 dxe5 11. Nc3 Qd6 12. Bb3 Bd4 13. Nb5 Qb6 14. Nxd4 Qxd4 15. Qxd4 exd4 16. e5 Ne4 17. Rd1 Re8 18.
f4 Nc5 19. Bc4 Bf5 20. Rxd4 Rad8 21. b4 Na4 22. Bd2 Nb6 23. Bb3 c6 24. g4 Bc8 25. d6 Be6 26. Kf2 f6 27. exf6 gxf6 28.
f5 Bd5 29. Bf4 Bxb3 30. axb3 Nd5 31. Bg3 a6 32. Re1 Kf7 33. Rde4 Kf8 34. Re6 Kf7 35. h4 h6 36. Kf3 Nxb4 37.
d7 Rxe6 38. fxe6+ 1-0